 Dungeon Crawl Stone Soup version 0.31.0-1-g2c135a0 (webtiles) character file.

Game seed: 3998553082009196772

600 OliveOil12345 the Conjurer (level 7, -2/38 HPs)
             Began as a Deep Elf Conjurer on Apr 13, 2024.
             Slain by a gnoll
             ... wielding a +0 spear
             ... led by a gnoll bouda
              (7 damage)
             ... on level 4 of the Dungeon.
             The game lasted 00:34:16 (4590 turns).

OliveOil12345 the Conjurer (Deep Elf Conjurer)      Turns: 4590, Time: 00:34:17

Health: -2/38      AC:  5    Str:  1 (4)  XL:     7   Next: 18%
Magic:  12/16      EV: 12    Int: 23 (25) God:
Gold:   242        SH:  0    Dex: 10 (13) Spells: 9/16 levels left

rFire   . . .        c - +5 great sword (freeze)
rCold   . . .        (shield currently unavailable)
rNeg    . . .        a - +2 robe
rPois   .            (no helmet)
rElec   .            (no cloak)
rCorr   +            (no gloves)
SInv    .            h - +0 pair of boots
Will    .....        (no amulet)
Stlth   ++           g - ring of resist corrosion
HPRegen 0.26/turn    (no ring)
MPRegen 0.15/turn

%: no passive effects
@: about to teleport, weakened
A: no striking features
a: no special abilities


You were on level 4 of the Dungeon.
You visited 1 branch of the dungeon, and saw 4 of its levels.
You also visited: Sewer.

You collected 242 gold pieces.

Inventory:

Hand Weapons
 c - a +5 great sword of freezing (weapon)
Armour
 a - a +2 robe (worn)
 h - a +0 pair of boots (worn)
Jewellery
 g - a ring of resist corrosion (left hand)
Scrolls
 d - a scroll of summoning
 e - 2 scrolls of poison
 f - a scroll of vulnerability
 i - a scroll of enchant armour
 l - a scroll of identify
Potions
 b - a potion of magic
 k - a potion of haste


   Skills:
 + Level 1.1 Fighting
 + Level 3.0 Long Blades
 + Level 4.0 Dodging
 + Level 3.5 Stealth
 + Level 5.3 Spellcasting
 + Level 6.6 Conjurations


You had 9 spell levels left.
You knew the following spells:

 Your Spells              Type           Power      Damage    Failure   Level
a - Magic Dart            Conj           100%       1d8       1%          1
b - Searing Ray           Conj           72%        2d7       1%          2
c - Fulminant Prism       Conj/Alch      10%        3d8       24%         4

Your spell library contained the following spells:

 Spells                   Type           Power      Damage    Failure   Level
 Iskenderun's Mystic Bla  Conj/Tloc      21%        2d6       24%         4
 Ozocubu's Armour         Ice            6%         N/A       28%         3
 Metabolic Englaciation   Hex/Ice        3%         N/A       95%         5
 Sculpt Simulacrum        Ice/Alch       3%         N/A       100%        6


Dungeon Overview and Level Annotations

Branches:
Dungeon (4/15)              Sewer (visited)
 Temple: D:4-7

Altars:
Okawaru
Zin


Message History

A gnoll comes into view. It is wielding a +0 spear.
The gnoll moves out of view.
The magic dart hits the gnoll.
The gnoll is lightly wounded.
You closely miss the gnoll.
The gnoll is lightly wounded.
The gnoll hits you with a +0 club.
You slash the gnoll! You freeze the gnoll.
You kill the gnoll!
You slash the gnoll! You freeze the gnoll.
You kill the gnoll!
The gnoll completely misses you.
A giant cockroach comes into view.
You closely miss the gnoll. The gnoll bouda closely misses you.
The gnoll barely misses you.
The gnoll hits you from afar with a +0 spear.
You hit the gnoll. You freeze the gnoll.
The gnoll is moderately wounded.
The gnoll bouda gazes fiercely through you!
You feel your attacks grow feeble. The gnoll bouda closely misses you.
The gnoll hits you with a +0 club.
The gnoll hits you from afar with a +0 spear!
The gnoll misses you.
The gnoll bouda hits you with a +0 whip.
The gnoll barely misses you.
You barely miss the gnoll.
The gnoll is moderately wounded.
The gnoll bouda barely misses you.
The gnoll hits you from afar with a +0 spear.
The gnoll hits you with a +0 club.
* * * LOW HITPOINT WARNING * * *
As you read the scroll of teleportation, it crumbles to dust.
You feel strangely unstable. The gnoll bouda completely misses you.
The gnoll barely misses you. The gnoll misses you.
You slash the gnoll! You freeze the gnoll.
You kill the gnoll!
The gnoll bouda hits you with a +0 whip!
* * * LOW HITPOINT WARNING * * *
The gnoll hits you from afar with a +0 spear!
You die...

##... #.... ##....
.######...#####
#.....
...............
#..... .............
#..... )........?
##.... #.#g.^.####
##... #.g).......
##.# #@)..# #.# #
#....## ####.#
#.#.....# .# #.....
#..)....##.# #.#..#
#.##.#..##.## #.#).#
#>...........##.#...
##......#.###.#.#.##
#.......## #..#...
#.......# #......


You could see a gnoll bouda and a gnoll (swift).

Vanquished Creatures
  Sigmund (D:2)
  2 bullfrogs (Sewer)
  A scorpion (D:4)
  An orc priest (D:3)
  6 gnolls
  3 adders (Sewer)
  2 ribbon worms (D:2)
  13 dart slugs
  10 orcs
  10 ball pythons
  9 endoplasms
  12 giant cockroaches
  13 goblins
  6 hobgoblins
  A jackal (D:1)
  9 kobolds
  2 quokkas
  4 bats (D:1)
  13 frilled lizards
  5 rats
123 creatures vanquished.

Vanquished Creatures (others)
  A fulminant prism (D:2)
1 creature vanquished.

Grand Total: 124 creatures vanquished

Notes
Turn   | Place    | Note
-------+----------+-------------------------------------------
     0 | D:1      | OliveOil12345 the Deep Elf Conjurer began the quest for the
                  | Orb.
     0 | D:1      | Reached XP level 1. HP: 10/10 MP: 6/6
   135 | D:1      | Reached XP level 2. HP: 8/15 MP: 0/8
   138 | D:1      | Learned a level 2 spell: Searing Ray
   540 | D:1      | Reached skill level 5 in Conjurations
   697 | D:1      | Reached XP level 3. HP: 19/19 MP: 4/9
   723 | D:1      | Identified a scroll of acquirement
   723 | D:1      | Acquired a +4 great sword of protection
  1340 | D:2      | Noticed Sigmund
  1345 | D:2      | Killed Sigmund
  1346 | D:2      | Reached skill level 1 in Long Blades
  1346 | D:2      | Reached skill level 6 in Conjurations
  1346 | D:2      | Reached XP level 4. HP: 15/24 MP: 4/12
  1346 | D:2      | Reached XP level 5. HP: 17/28 MP: 4/13
  1453 | D:2      | Learned a level 4 spell: Fulminant Prism
  2207 | D:3      | Found a glowing drain.
  2242 | Sewer    | Entered a sewer
  2524 | Sewer    | Reached XP level 6. HP: 32/32 MP: 12/14
  2786 | Sewer    | Reached skill level 1 in Fighting
  4022 | D:3      | Found a glowing silver altar of Zin.
  4240 | D:3      | Reached skill level 5 in Spellcasting
  4289 | D:3      | Found an iron altar of Okawaru.
  4520 | D:4      | Reached XP level 7. HP: 38/38 MP: 10/16
  4590 | D:4      | Slain by a gnoll

Illustrated notes

Levels and vault maps discovered:
D:1:      minmay_arrival_stone_box, layout_basic, minmay_pentomino_v4
D:2:      layout_loops_corners, minmay_goblin_outpost, uniq_sigmund
D:3:      layout_loops_corners, mainiacjoe_overflow_surrounded_room,
          okawaru_altar_gauntlet_db, gup_sewer_entry_glass
D:4:      layout_loops_cross, minmay_temple_entry_drinking_statues

Skill      XL: |  1  2  3  4  5  6 |
---------------+-------------------+-----
Conjurations   | 5 6 |  6.6
Long Blades    | 1 3 |  3.0
Stealth        | 3 |  3.5
Spellcasting   | 4 5 |  5.3
Dodging        | 4 |  4.0
Fighting       | 1 |  1.1

Action                     |  1- 3 |  4- 6 |  7- 9 || total
---------------------------+-------+-------+-------++-------
  Melee: Great sword       |     6 |    79 |     8 ||    93
   Cast: Magic Dart        |    57 |   114 |     8 ||   179
         Searing Ray       |     3 |     2 |       ||     5
         Fulminant Prism   |       |     1 |       ||     1
    Use: Scroll            |     7 |     7 |     1 ||    15
         Potion            |     1 |     5 |       ||     6
   Stab: Sleeping          |       |     6 |       ||     6
 Armour: Robe              |     9 |   112 |     9 ||   130
  Dodge: Dodged            |    11 |   107 |    10 ||   128
